 Dungeon Crawl Stone Soup version bcrawl-1.36 (webtiles) character file.

Game seed: 16565347040005668667

409674 Morbidden the Slicer (level 11, -3/67 HPs)
             Began as a Skeleton Archaeologist on Apr 23, 2022.
             Was a Believer of Vehumet.
             Slain by an earth elemental (12 damage)
             ... summoned by a deep elf mage
             ... on level 11 of the Dungeon on Apr 30, 2022.
             The game lasted 00:17:47 (10373 turns).

Morbidden the Slicer (Skeleton Archaeologist)      Turns: 10373, Time: 00:17:48

Health: -3/67      AC: 31    Str: 18    XL:     11   Next: 76%
Magic:  0/22       EV:  3    Int: 16    God:    Vehumet [**....]
Gold:   1101       SH:  9    Dex: 10    Spells: 23/24 levels left

rFire    + . .     SeeInvis .   a - +4 rapier
rCold    + . .     Gourm    .   y - +0 medium shield
rNeg     + + +     Faith    .   j - +1 crystal plate armour
rPois    ∞         Spirit   +   h - +1 helmet of Beyond {Regen+ rCorr Dex-3 Stlth+}
rElec    .         Reflect  .   u - +2 cloak {rPois}
rCorr    +                      x - +2 pair of gloves
MR       +....                  e - +1 pair of boots
Stlth    ..........             (no amulet)
HPRegen  0.61/turn              d - ring of protection from fire
MPRegen  0.18/turn              C - +6 ring of dexterity

@: no status effects
A: no food or potions, cold resistance 1, deterioration 1, negative energy
resistance 3, powered by death 1, torment resistance, unbreathing, magic shield,
sturdy frame 2, spell healing
a: Renounce Religion


You were on level 11 of the Dungeon.
You worshipped Vehumet.
Vehumet was pleased with you.
You were not hungry.

You visited 2 branches of the dungeon, and saw 12 of its levels.

You collected 1101 gold pieces.

Inventory:

Hand Weapons
 a - a +4 rapier (weapon)
 b - a +0 blowgun
 r - a +1 great sword
 s - a +0 scimitar
Missiles
 c - 137 poisoned needles
 f - 3 curare-tipped needles
 t - 59 poisoned tomahawks (quivered)
Armour
 e - a +1 pair of boots (worn)
 h - the +1 helmet of Beyond (worn) {Regen+ rCorr Dex-3 Stlth+}
   (You acquired it on level 4 of the Dungeon)

   It affects your dexterity (-3).
   It increases your rate of regeneration.
   It provides partial protection from all sources of acid and corrosion.
   It makes you more stealthy.
 j - a +1 crystal plate armour (worn)
 u - a +2 cloak of poison resistance (worn)
 x - a +2 pair of gloves (worn)
 y - a +0 medium shield (worn)
Jewellery
 d - a ring of protection from fire (left hand)
 i - an uncursed ring of resist corrosion {unknown}
 o - an uncursed ring of insulation
 C - a +6 ring of dexterity (right hand)
Wands
 p - a wand of iceblast (12)
 z - a wand of paralysis (11)
 F - a wand of flame (7)
Scrolls
 g - a scroll of magic mapping
 k - 4 scrolls of immolation
 l - a scroll of fog {unknown}
 m - a scroll of teleportation
 n - a scroll of enchant weapon
 q - 3 scrolls of enchant armour
 v - 2 scrolls of remove curse
 w - 3 scrolls of blinking {unknown}
 A - a scroll of amnesia {unknown}
 B - a scroll of noise {unknown}
 D - a scroll of brand weapon {unknown}
 E - a scroll of fear


   Skills:
 * Level 7.3 Fighting
 * Level 13.0(13.5) Short Blades
 * Level 6.2(10.6) Long Blades
   Level 1.9 Maces & Flails
 + Level 1.4 Throwing
 * Level 8.3 Armour
 * Level 7.0 Dodging
 + Level 4.0 Stealth
 * Level 4.1 Shields
 * Level 7.4 Spellcasting
 * Level 1.5 Conjurations
 * Level 0.9 Air Magic


You had 23 spell levels left.
You knew the following spells:

 Your Spells              Type           Power        Failure   Level  Hunger
a - Shock                 Conj/Air       #....        100%        1    N/A
Your spell library was empty.

Dungeon Overview and Level Annotations

Branches:
Dungeon (11/12)            Temple (1/1) D:7            Lair (0/6) D:7
    Orc (0/1) D:8
 Vaults: D:11-12

Altars:
Ashenzari
Cheibriados
Dithmenos
Elyvilon
Fedhas
Gozag
Hepliaklqana
Kikubaaqudgha
Lugonu
Makhleb
Nemelex Xobeh
Okawaru
Qazlal
Ru
Sif Muna
Trog
Uskayaw
Vehumet
Wu Jian
Xom
Yredelemnul
Zin
The Shining One
Beogh

Shops:
D:9 :(*


Innate Abilities, Weirdness & Mutations

You do not eat or drink.
You are immune to poison.
Your flesh is cold resistant. (rC+)
Your body sometimes deteriorates upon taking damage.
You are immune to negative energy. (rN+++)
You regenerate a little health from kills.
You are immune to unholy pain and torment.
You can survive without breathing.
When hurt, damage is shared between your health and your magic reserves.
Your movements are less encumbered by armour. (ER -4)
Casting spells heals you.


Message History

You hit the earth elemental.
The earth elemental is almost destroyed.
The earth elemental disappears in a puff of smoke!
No path to travel!
The deep elf mage mumbles some strange words.
No path to travel!
You hit the deep elf mage.
The deep elf mage is lightly wounded.
No path to travel!
No path to travel!
You puncture the earth elemental!
The earth elemental is moderately damaged.
No path to travel!
No path to travel!
You puncture the earth elemental!
The earth elemental is moderately damaged.
The earth elemental hits you!
* * * LOW HITPOINT WARNING * * *
The earth elemental hits you!
You die...

#...........#
#####..####...#.#
#......# ##.#...#
##.###.E## #..#.#.##
...eK..K.# #.......#
###..###o# ##.#.#..#
###.####.# #...#.#
..†......#######.##$#
#.###.##.....)EE@...#
......(...#.####E####
.##.#.##..#... e.#
[...$ #.##.####.#
..#. ....$# ..# ..
....### .## . ..... .
#...... #.


You could see 3 earth elementals and a deep elf mage.

Vanquished Creatures
  Harold (D:8)
  2 two-headed ogres
  An elephant (D:7)
  A centaur skeleton (D:10)
  Maurice (D:10)
  A hornet (D:9)
  4 slime creatures
  A meliai zombie (D:9)
  Grum (D:8)
  A spriggan (D:7)
  16 yaks
  A wraith (D:10)
  2 hungry ghosts
  2 crocodiles (D:7)
  4 ice beasts
  6 orc warriors
  2 sky beasts
  A black bear (D:7)
  3 necrophages
  4 wolves
  3 centaurs
  3 ogres
  2 big kobolds
  Blork the orc (D:4)
  3 bullfrogs
  5 gnoll sergeants (D:7)
  A scorpion (D:6)
  7 killer bees
  3 howler monkeys
  3 orc priests
  6 crimson imps
  3 centaur zombies
  A quasit (D:9)
  3 jellies
  9 hounds
  2 gnoll shamans (D:7)
  6 orc wizards
  Terence (D:3)
  An iguana (D:4)
  7 worker ants
  4 hound skeletons
  A worker ant zombie (D:4)
  15 gnolls (D:7)
  15 adders
  A shadow imp (D:10)
  3 oozes
  An adder skeleton (D:4)
  2 worms
  4 dart slugs
  2 leopard geckos (D:2)
  49 orcs
  5 bats
  7 giant cockroaches
  3 goblins
  7 hobgoblins
  7 jackals
  2 quokkas
  2 ball pythons
  2 frilled lizards
  2 jackal skeletons
  10 kobolds
  6 rats
275 creatures vanquished.

Vanquished Creatures (others)
  An unseen horror (D:11)
1 creature vanquished.

Grand Total: 276 creatures vanquished

Notes
Turn   | Place    | Note
-------+----------+-------------------------------------------
     0 | D:1      | Morbidden the Skeleton Archaeologist began the quest for
                  | the Orb.
     0 | D:1      | Reached XP level 1. HP: 12/12 MP: 1/1
    63 | D:1      | Reached skill level 1 in Spellcasting
   230 | D:1      | Reached XP level 2. HP: 5/16 MP: 3/3
  1185 | D:2      | Reached XP level 3. HP: 18/20 MP: 5/5
  1612 | D:2      | Reached skill level 1 in Armour
  2114 | D:2      | Found a blossoming altar of Fedhas.
  2114 | D:2      | Found a sacrificial altar of Ru.
  2233 | D:3      | Reached skill level 1 in Short Blades
  2247 | D:3      | Reached XP level 4. HP: 24/25 MP: 5/7
  2505 | D:3      | Reached skill level 2 in Short Blades
  3008 | D:3      | Noticed Terence
  3017 | D:3      | Killed Terence
  3266 | D:4      | Reached XP level 5. HP: 30/30 MP: 6/8
  3266 | D:4      | Identified a scroll of acquirement
  3266 | D:4      | Identified the +1 helmet of Beyond {Regen+ rCorr Dex-3
                  | Stlth+} (You acquired it on level 4 of the Dungeon)
  3338 | D:4      | Reached skill level 3 in Short Blades
  3851 | D:4      | Gained mutation: You regenerate a little health from kills.
                  | [Skeleton growth]
  3851 | D:4      | Reached XP level 6. HP: 35/35 MP: 8/10
  3878 | D:4      | Reached skill level 4 in Short Blades
  3913 | D:4      | Noticed Blork the orc
  3927 | D:4      | Killed Blork the orc
  4075 | D:4      | Reached skill level 5 in Short Blades
  4185 | D:4      | Reached XP level 7. HP: 39/40 MP: 9/11
  4562 | D:5      | Entered Level 5 of the Dungeon
  4566 | D:5      | Reached skill level 6 in Short Blades
  4718 | D:5      | Reached skill level 7 in Short Blades
  4732 | D:5      | Reached XP level 8. HP: 40/46 MP: 9/13
  5165 | D:6      | Reached skill level 8 in Short Blades
  5273 | D:6      | Reached skill level 1 in Long Blades
  5983 | D:7      | Reached skill level 5 in Dodging
  5983 | D:7      | Reached XP level 9. HP: 52/52 MP: 16/16
  6010 | D:7      | Reached skill level 5 in Spellcasting
  6023 | D:7      | Reached skill level 9 in Short Blades
  6023 | D:7      | Reached skill level 5 in Armour
  6212 | D:7      | Reached skill level 5 in Fighting
  6339 | D:7      | Noticed a two-headed ogre
  6353 | D:7      | Killed a two-headed ogre
  6354 | D:7      | Reached skill level 10 in Short Blades
  6354 | D:7      | Reached skill level 1 in Throwing
  6415 | D:7      | Gained mutation: Your movements are less encumbered by
                  | armour. (ER -4) [Skeleton growth]
  6415 | D:7      | Reached XP level 10. HP: 56/59 MP: 15/18
  6654 | D:7      | Found a staircase to the Ecumenical Temple.
  6792 | D:7      | Noticed an elephant
  6813 | D:7      | Killed an elephant
  7039 | D:8      | Found a staircase to the Orcish Mines.
  7070 | D:8      | Reached skill level 11 in Short Blades
  7109 | D:8      | Noticed Grum
  7157 | D:8      | Killed Grum
  7158 | D:8      | Reached skill level 5 in Long Blades
  7185 | Temple   | Entered the Ecumenical Temple
  7305 | Temple   | Became a worshipper of Vehumet
  7413 | D:7      | Found a staircase to the Lair.
  7493 | D:7      | Found a hazy altar of Hepliaklqana.
  7494 | D:7      | Found a shimmering altar of Xom.
  7687 | D:8      | Noticed Harold
  7716 | D:8      | Killed Harold
  7864 | D:8      | Found a burning altar of Makhleb.
  7993 | D:8      | Found a roughly hewn altar of Beogh.
  8036 | D:8      | Reached * piety under Vehumet
  8036 | D:8      | Offered knowledge of Freeze by Vehumet.
  8100 | D:8      | Found a basalt altar of Yredelemnul.
  8101 | D:8      | Found a white marble altar of Elyvilon.
  8105 | D:8      | Found a corrupted altar of Lugonu.
  8106 | D:8      | Found an ornate altar of the Wu Jian Council.
  8203 | D:9      | Found Ytzov's Book Shop.
  8277 | D:9      | Found Ibraexat's Antique Weapon Boutique.
  8377 | D:9      | Reached skill level 1 in Shields
  8471 | D:9      | Found a snail-covered altar of Cheibriados.
  8550 | D:9      | Reached skill level 12 in Short Blades
  8550 | D:9      | Reached XP level 11. HP: 66/66 MP: 20/20
  8761 | D:9      | Found Ohyas's Assorted Antiques.
  8867 | D:10     | Entered Level 10 of the Dungeon
  9145 | D:10     | Offered knowledge of Shock by Vehumet.
  9259 | D:10     | Reached ** piety under Vehumet
  9313 | D:10     | Noticed Maurice
  9369 | D:10     | Killed Maurice
  9577 | D:10     | Noticed a two-headed ogre
  9595 | D:10     | Killed a two-headed ogre
  9762 | D:10     | Learned a level 1 spell: Shock
 10166 | D:11     | Noticed a deep elf mage
 10205 | D:11     | Killed an unseen horror
 10231 | D:11     | Reached skill level 1 in Conjurations
 10340 | D:11     | Reached skill level 13 in Short Blades
 10373 | D:11     | Slain by an earth elemental

Skill      XL: |  1  2  3  4  5  6  7  8  9 10 11 |
---------------+----------------------------------+-----
Spellcasting   | 1 2 3 4 5 6 7 |  7.4
Stealth        | 4 |  4.0
Armour         | 1 2 3 4 6 7 8 |  8.3
Short Blades   | 1 2 3 5 7 8 10 12 13 | 13.0
Fighting       | 2 3 4 5 6 7 |  7.3
Dodging        | 4 5 6 7 |  7.0
Long Blades    | 3 4 5 6 |  6.2
Throwing       | 1 |  1.4
Shields        | 1 4 |  4.1
Conjurations   | 1 |  1.5
Maces & Flails | |  1.9
Air Magic      | |  0.9

Action                   |  1- 3 |  4- 6 |  7- 9 | 10-12 || total
-------------------------+-------+-------+-------+-------++-------
Melee: Whip              |   138 |       |       |       ||   138
       Rapier            |    53 |   184 |   425 |   949 ||  1611
       Great sword       |       |       |   127 |       ||   127
 Fire: Blowgun           |       |     1 |     2 |       ||     3
Throw: Tomahawk          |       |       |    21 |     9 ||    30
Evoke: Wand              |       |       |       |     5 ||     5
  Use: Scroll            |     1 |     3 |     4 |     2 ||    10
 Stab: Sleeping          |     2 |       |       |       ||     2
Armor: Robe              |    24 |       |       |       ||    24
       Crystal plate arm |   154 |   143 |   449 |   658 ||  1404
Dodge: Dodged            |    52 |    25 |    76 |    81 ||   234
Block: Medium shield     |       |       |       |   202 ||   202
